 Dungeon Crawl Stone Soup version 0.31.0-9-g3a7656b989 (webtiles) character file.

Game seed: 10358574939056704182

28 qw the Shooter (level 3, -4/20 HPs)
             Began as a Deep Elf Hunter on Feb 2, 2024.
             Slain by Sigmund
             ... wielding a +0 scythe
              (6 damage)
             ... on level 2 of the Dungeon.
             The game lasted 00:00:01 (464 turns).

qw the Shooter (Deep Elf Hunter)                     Turns: 464, Time: 00:00:02

Health: -4/20      AC:  3    Str: 10    XL:     3   Next: 0%
Magic:  5/5        EV: 12    Int: 13    God:
Gold:   38         SH:  0    Dex: 18    Spells: 2/2 levels left

rFire   . . .        a - +0 shortbow
rCold   . . .        (shield currently unavailable)
rNeg    . . .        c - +0 leather armour
rPois   .            (no helmet)
rElec   .            (no cloak)
rCorr   .            (no gloves)
SInv    .            (no boots)
Will    .....        (no amulet)
Stlth   ++           (no ring)
HPRegen 0.23/turn    (no ring)
MPRegen 0.09/turn

%: no passive effects
@: no status effects
A: no striking features
a: no special abilities


You were on level 2 of the Dungeon.
You visited 1 branch of the dungeon, and saw 2 of its levels.

You collected 38 gold pieces.


   Skills:
 - Level 1.5 Fighting
 + Level 6.6 Ranged Weapons
 - Level 2.4 Dodging
 - Level 1.2 Stealth


You had 2 spell levels left.
You didn't know any spells.
Your spell library was empty.

Inventory:

Hand Weapons
 a - a +0 shortbow (weapon)
Armour
 c - a +0 leather armour (worn)

Dungeon Overview and Level Annotations

Branches:
Dungeon (2/15)

Altars:

Annotations:
D:1 1 runed translucent door
D:2 Sigmund


Message History

Sigmund shouts!
Sigmund is lightly wounded.
You shoot an arrow. The hobgoblin shouts!
The arrow hits the hobgoblin but does no damage.
You shoot an arrow. The arrow hits Sigmund.
Sigmund is moderately wounded.
Sigmund points at you and mumbles some strange words.
The puff of flame misses you.
You shoot an arrow.
The arrow hits Sigmund but does no damage.
Sigmund is moderately wounded.
Sigmund barely misses you.
You shoot an arrow. The arrow barely misses Sigmund.
The arrow hits the hobgoblin!
You kill the hobgoblin!
You have reached level 3!
Your experience leads to an increase in your attributes!
Increase (S)trength, (I)ntelligence, or (D)exterity?
You feel stronger. x2
You shoot an arrow. The arrow hits Sigmund.
Sigmund is moderately wounded.
Sigmund casts a spell.
Sigmund flickers and vanishes!
Deactivating autopickup; reactivate with Ctrl-A.
Something hits you.
You shoot an arrow. You shoot an arrow. Something hits you.
You shoot an arrow. Something barely misses you.
You shoot an arrow.
A magic dart appears from out of thin air!
The magic dart hits you!
You shoot an arrow. Something hits you.
You shoot an arrow. You shoot an arrow. Something hits you.
You die...

###..........#
# #.#######..#
#.# #..#####
#.# #......#
#.# ##.###.#
#.#
#..###.########
#.#
#>##..........#
..# #.
#.#.######.# #.
#.#@# #. # #.#
.. #{# .%. %..
..=.. .....
#......


There were no monsters in sight!

Vanquished Creatures
  2 dart slugs (D:1)
  A bat (D:1)
  6 endoplasms
  A giant cockroach (D:1)
  3 hobgoblins
  4 kobolds (D:1)
  A quokka (D:1)
  A frilled lizard (D:1)
  2 rats (D:1)
21 creatures vanquished.

Notes
Turn   | Place    | Note
-------+----------+-------------------------------------------
     0 | D:1      | qw the Deep Elf Hunter began the quest for the Orb.
     0 | D:1      | Reached XP level 1. HP: 12/12 MP: 3/3
     0 | D:1      | 0 ||| qw: Version: 0.3-a-155-g5e7d8dd
     0 | D:1      | 0 ||| qw: Game counter: 1099
     0 | D:1      | 0 ||| qw: Melee chars always use a shield: true
     0 | D:1      | 0 ||| qw: God list: Okawaru
     0 | D:1      | 0 ||| qw: Allow faded altars: false
     0 | D:1      | 0 ||| qw: Do Orc after clearing Dungeon:15 true
     0 | D:1      | 0 ||| qw: Do second Lair branch before Depths: true
     0 | D:1      | 0 ||| qw: Lair rune preference: random
     0 | D:1      | 0 ||| qw: Goals: Normal
     0 | D:1      | 0 ||| PLANNING D:1-11
     1 | D:1      | Found a runed translucent door.
    62 | D:1      | Reached skill level 6 in Ranged Weapons
    62 | D:1      | Reached XP level 2. HP: 16/16 MP: 4/4
   410 | D:1      | 410 ||| DROPPING scroll of butterflies.
   451 | D:2      | Noticed Sigmund
   457 | D:2      | Reached XP level 3. HP: 20/20 MP: 5/5
   461 | D:2      | HP: 4/20 [something/magic dart (7)]
   462 | D:2      | HP: 1/20 [something (3)]
   464 | D:2      | Slain by Sigmund

Levels and vault maps discovered:
D:1:      dpeg_arrival_caged_fury, layout_rooms
D:2:      layout_loops_ring, serial_shops, shop, nicolae_shop_peninsula,
          nicolae_shop_industrial_runoff, nicolae_shop_waterfront, shop,
          uniq_sigmund, uniq_terence

Skill      XL: |  1 |
---------------+----+-----
Ranged Weapons | 6 |  6.6
Fighting       | |  1.5
Dodging        | |  2.4
Stealth        | |  1.2

Action                     || total
---------------------------++-------
   Fire: Shortbow          ||    52
 Armour: Leather armour    ||     9
  Dodge: Dodged            ||     3

Table legend:
 A = Non-vault XP
 B = Vault XP
 C = Vault XP percentage of total XP
 D = Non-vault monster count
 E = Vault monster count
 F = Vault count percentage of total count
                 A         B        C        D         E       F
            +---------+---------+-------+---------+---------+-------
      Total |      41 |       0 |   0.0 |      21 |       0 |   0.0
            +---------+---------+-------+---------+---------+-------
        D:1 |      33 |       0 |   0.0 |      17 |       0 |   0.0
        D:2 |       8 |       0 |   0.0 |       4 |       0 |   0.0
            +---------+---------+-------+---------+---------+-------
